AoeStats
← Tunga

Arabia

507512731Analyzed
1v1 RM · 14d ago on Sep 18, 2026· 64m 12s· 2 players
Game mode
Random Map
Map size
Tiny (2 player)
Population
200
Speed
Normal
Resources
Standard
Victory
Conquest
Starting age
Dark Age
Ending age
Imperial Age
RankedLock teamsTeams togetherTeam positionsShared explorationLock speedFull tech treeHidden civsTurbo modeCheats
Victory
Defeat
🇪🇸 Teutons · Spain
736
+15
🇹🇷 Japanese · Türkiye
724
-15
Tunga
11:19 Feudal Age
9:35 Loom
12:20 Man-at-Arms
13:51 Horse Collar
17:57 Wheelbarrow
18:11 Double-Bit Axe
18:39 Padded Archer Armor
19:03 Fletching
21:09 Scale Mail Armor
21:20 Forging
24:07 Gold Mining
27:26 Castle Age
27:58 Long Swordsman
28:24 Gambesons
29:54 Chain Mail Armor
30:14 Iron Casting
30:36 Husbandry
30:00 Pikeman
30:41 Squires
31:30 Hand Cart
37:44 Imperial Age
35:42 Crossbowman
37:49 Thumb Ring
39:14 Bow Saw
39:08 Arbalester
40:16 Capped Ram
43:11 Ballistics
44:01 Chemistry
44:03 Elite Samurai
45:05 Yasama
48:56 Halberdier
50:23 Hoardings
59:10 Cavalier
62:47 Plate Mail Armor
63:17 Blast Furnace
Dani
0:37 Loom
10:32 Feudal Age
11:32 Man-at-Arms
18:16 Forging
18:41 Horse Collar
24:29 Castle Age
22:28 Double-Bit Axe
24:35 Elite Skirmisher
25:13 Fletching
25:40 Long Swordsman
28:12 Scale Barding Armor
31:12 Wheelbarrow
31:52 Scale Mail Armor
32:37 Pikeman
35:00 Chain Barding Armor
37:19 Bodkin Arrow
37:28 Padded Archer Armor
42:36 Imperial Age
41:19 Bloodlines
41:47 Iron Casting
42:52 Hand Cart
43:11 Chain Mail Armor
43:21 Cavalier
43:48 Two-Handed Swordsman
44:26 Gold Mining
44:36 Stone Mining
46:25 Champion
47:42 Plate Mail Armor
47:30 Leather Archer Armor
49:05 Ironclad
49:12 Ironclad
49:09 Paladin
49:45 Halberdier
50:27 Squires
52:24 Plate Barding Armor
52:31 Onager
54:55 Gambesons
56:16 Blast Furnace
Connection lost

Rejoining the realm…

Still unreachable

The connection could not be restored.

Session expired

The server has moved on; the page needs a fresh start.